 Dungeon Crawl Stone Soup version 0.29.1-1-gd02db6906a (webtiles) character file.

Game seed: 2512955260016516307

2681 xian the Schismatic (level 9, 0/68 HPs)
             Began as a Demonspawn Abyssal Knight on Sept 26, 2022.
             Was an Elder of Lugonu.
             Slain by Duvessa
             ... wielding a +0 short sword of distortion
              (10 damage)
             ... on level 7 of the Dungeon.
             The game lasted 00:17:28 (5993 turns).

xian the Schismatic (Demonspawn Abyssal Knight)     Turns: 5993, Time: 00:17:28

Health: 0/68       AC: 27    Str: 17    XL:     9   Next: 37%
Magic:  14/15      EV: 10    Int: 16    God:    Lugonu [****..]
Gold:   1550       SH:  0    Dex: 15    Spells: 8/8 levels left

rFire   . . .      SeeInvis .   C - +5 flail (vorpal)
rCold   + + +      Faith    .   (no shield)
rNeg    + . .      Spirit   .   u - +6 scale mail "Bynkoqec" {Int+5 Slay+2}
rPois   +          Reflect  .   z - +0 helmet
rElec   .          Harm     .   (cloak unavailable)
rCorr   .          Rampage  .   e - +0 pair of gloves
Will    .....                   y - +2 pair of boots {Stlth+}
Stlth   ++........              (no amulet)
HPRegen 0.21/turn               o - ring of Makhleb's Envy {rC+++ AC+4}
MPRegen 0.14/turn               p - ring "Obis" {rPois rC++ rN+ AC+4}

@: no status effects
A: claws 2, hooves 1, demonic guardian 1, weakness stinger 3
a: Renounce Religion, Depart the Abyss, Bend Space, Banish, Corrupt


You were on level 7 of the Dungeon.
You worshipped Lugonu.
Lugonu was greatly pleased with you.
You visited 1 branch of the dungeon, and saw 7 of its levels.
You visited the Abyss 1 time.
You also visited: Sewer.

You collected 2019 gold pieces.
You spent 469 gold pieces at shops.

Inventory:

Hand Weapons
 a - a +1 hand axe
 C - a +5 vorpal flail (weapon)
Missiles
 b - 4 javelins (quivered)
 v - 11 poisoned darts
Armour
 e - a +0 pair of gloves (worn)
 n - a +0 cloak
 u - the +6 scale mail "Bynkoqec" (worn) {Int+5 Slay+2}
   (You found it in a sewer)

   Int:       It affects your intelligence (+5).
   Slay:      It affects your accuracy & damage with ranged weapons and melee
   (+2).
 y - a +2 pair of boots of stealth (worn)
 z - a +0 helmet (worn)
Magical Staves
 c - a staff of fire
 E - a staff of cold
Jewellery
 o - the ring of Makhleb's Envy (left hand) {rC+++ AC+4}
   (You acquired it on level 3 of the Dungeon)

   [ring of protection]

   AC:        It affects your AC (+4).
   rC:        It renders you almost immune to cold.
 p - the ring "Obis" (right hand) {rPois rC++ rN+ AC+4}
   (You acquired it on level 3 of the Dungeon)

   [ring of protection]

   AC:        It affects your AC (+4).
   rC:        It greatly protects you from cold.
   rPois:     It protects you from poison.
   rN:        It protects you from negative energy.
 t - a ring of poison resistance
 w - a ring of fire
 I - a ring of see invisible
Wands
 q - a wand of roots (15)
 B - a wand of flame (15)
 D - a wand of paralysis (6)
 J - a wand of quicksilver (8)
Scrolls
 h - 3 scrolls of poison {unknown}
 k - 4 scrolls of amnesia
 l - 2 scrolls of blinking {unknown}
 r - 2 scrolls of summoning
 s - 4 scrolls of teleportation
 x - a scroll of immolation
 A - 2 scrolls of fear {unknown}
 G - a scroll of vulnerability {unknown}
 H - a scroll of magic mapping
Potions
 d - 3 potions of attraction
 f - 2 potions of mutation
 g - 5 potions of heal wounds {unknown}
 i - 3 potions of brilliance
 j - 7 potions of curing
 m - 2 potions of haste
 F - a potion of cancellation


   Skills:
 + Level 5.3 Fighting
 + Level 6.3(6.9) Axes
 + Level 4.2(5.8) Maces & Flails
 + Level 5.0 Armour
 + Level 3.0 Dodging
 + Level 1.8 Stealth
 * Level 8.0 Invocations


You had 8 spell levels left.
You didn't know any spells.
Your spell library contained the following spells:

 Spells                   Type           Power      Damage    Failure   Level
 Necrotise                Necr           0%         1d4       61%         1
 Ensorcelled Hibernation  Hex/Ice        0%         N/A       75%         2
 Passwall                 Tmut/Erth      0%         N/A       75%         2
 Frozen Ramparts          Ice            0%         1d1       93%         3
 Swiftness                Air            0%         N/A       93%         3
 Tukima's Dance           Hex            0%         N/A       93%         3
 Vampiric Draining        Necr           0%         2d6       93%         3
 Fulminant Prism          Conj/Hex       0%         3d6       100%        4
 Ice Form                 Ice/Tmut       0%         N/A       100%        4
 Iskenderun's Mystic Bla  Conj/Tloc      0%         2d3       100%        4
 Passage of Golubria      Tloc           0%         N/A       100%        4
 Summon Ice Beast         Ice/Summ       0%         N/A       100%        4
 Agony                    Necr           0%         N/A       100%        5
 Lee's Rapid Deconstruct  Erth           0%         3d5*      100%        5
 Yara's Violent Unravell  Hex/Tmut       0%         3d3       100%        5


Dungeon Overview and Level Annotations

Branches:
Dungeon (7/15)             Temple (0/1) D:5           Sewer (visited)

Altars:

Shops:
D:2 !   D:4 [

Annotations:
D:7 Duvessa


Innate Abilities, Weirdness & Mutations

You have very sharp fingernails.
You have large cloven feet.
A weak demonic guardian rushes to your aid.
You have a sharp stinger which inflicts weakening toxins.


Message History

Dowan shouts!
You hear a shout!
Dowan gestures at you while chanting.
The puff of frost hits you but does no damage.
Dowan casts a spell at you.
The puff of frost hits you but does no damage.
Dowan drinks a potion.
Dowan seems to speed up.
Duvessa, Sister of Dowan comes into view.
She is wielding a +0 short sword of distortion.
Duvessa shouts!
Dowan hits you but does no damage.
Duvessa moves out of view.
You sock Dowan!
Dowan is heavily wounded.
Dowan closely misses you.
You miss Dowan.
Your tail-slap misses Dowan.
Dowan is heavily wounded.
Dowan casts a spell at you.
The puff of flame hits you but does no damage.
Duvessa says, "My weaknesses are his strengths!"
Dowan closely misses you.
You sock Dowan!
Dowan is almost dead.
Dowan closely misses you.
Dowan smirks and points a slender finger.
Dowan hits you but does no damage.
You sock Dowan!
You kill Dowan!
Lugonu accepts your kill.
Duvessa screams in rage.
Duvessa goes berserk!
Duvessa hits you with a +0 short sword of distortion.
Space warps horribly around you!!
Your Invocations skill increases to level 8!
You sock Duvessa!
Duvessa is lightly wounded.
Duvessa hits you with a +0 short sword of distortion!
A demonic guardian appears!
Space warps horribly around you!!
* * * LOW HITPOINT WARNING * * *
Duvessa hits you with a +0 short sword of distortion!
* * * LOW HITPOINT WARNING * * *
Space warps horribly around you!
You die...

.##.## .....# #.....#
.....# #.....# .....#
#.....# #...## #....# .
#...########....#### ...
#....#............5#....
#....'...........e.'....
#....#..........@).#
#.).#....).........#
#####.#####.....#..#
#....########### #.....#
#.....# ##.....#
#.....## #######


You could see Duvessa (berserk, ally target) and a friendly ufetubus (summoned).

Vanquished Creatures
  Pikel (D:6)
  Joseph (D:7)
  A troll (D:7)
  Prince Ribbit (D:7)
  Sigmund (D:4)
  Edmund (D:5)
  Pargi (Sewer)
  An ogre (D:6)
  2 ice beasts
  2 centaurs
  2 necrophages
  A scorpion (D:6)
  Dowan (D:7)
  2 howler monkeys
  A jelly (D:6)
  An orc priest (D:7)
  4 hounds
  Ijyb (D:5)
  4 iguanas
  3 adders
  A white imp (D:5)
  2 worms (D:2)
  2 dart slugs
  9 orcs
  10 ball pythons
  9 endoplasms
  5 giant cockroaches
  8 goblins
  7 hobgoblins
  2 quokkas
  10 bats
  3 frilled lizards
  3 kobolds
  3 rats
106 creatures vanquished.

Notes
Turn   | Place    | Note
-------+----------+-------------------------------------------
     0 | Abyss:1  | xian the Demonspawn Abyssal Knight began the quest for the
                  | Orb.
     0 | Abyss:1  | Reached XP level 1. HP: 18/18 MP: 2/2
     1 | D:1      | Escaped the Abyss
    17 | D:1      | Found a faded altar of an unknown god.
   583 | D:1      | Discovered your monstrous ancestry.
   583 | D:1      | Gained mutation: You have a small tail. [demonic ancestry]
   583 | D:1      | Reached XP level 2. HP: 20/24 MP: 3/3
   938 | D:2      | Reached skill level 1 in Dodging
  1518 | D:2      | Gained mutation: You have large cloven feet. [demonic
                  | ancestry]
  1518 | D:2      | Reached XP level 3. HP: 29/29 MP: 5/5
  1536 | D:2      | Reached skill level 3 in Invocations
  1772 | D:2      | Found Waparav's Distillery.
  1782 | D:2      | Bought a potion of might for 44 gold pieces
  2018 | D:3      | Identified 3 scrolls of acquirement
  2018 | D:3      | Acquired the ring "Obis" {rPois rC++ rN+ AC+4}
  2020 | D:3      | Acquired 1039 gold pieces
  2022 | D:3      | Acquired 551 gold pieces
  2075 | D:3      | Acquired the ring of Makhleb's Envy {rC+++ AC+4}
  2372 | D:3      | Found a glowing drain.
  2403 | D:3      | Gained mutation: You have sharp fingernails. [demonic
                  | ancestry]
  2403 | D:3      | Reached XP level 4. HP: 34/35 MP: 6/6
  2408 | Sewer    | Entered a sewer
  2434 | Sewer    | Noticed Pargi
  2449 | Sewer    | Killed Pargi
  2450 | Sewer    | Reached skill level 4 in Invocations
  2450 | Sewer    | Reached XP level 5. HP: 41/41 MP: 6/8
  2460 | Sewer    | Identified the +6 scale mail "Bynkoqec" {Int+5 Slay+2}
  2727 | D:3      | Reached *** piety under Lugonu
  2894 | D:2      | Bought a potion of brilliance for 44 gold pieces
  2894 | D:2      | Bought a potion of curing for 33 gold pieces
  2894 | D:2      | Bought a potion of mutation for 88 gold pieces
  3077 | D:4      | Noticed an ice beast
  3088 | D:4      | Killed an ice beast
  3089 | D:4      | Gained mutation: You have very sharp fingernails. [demonic
                  | ancestry]
  3089 | D:4      | Reached XP level 6. HP: 45/48 MP: 9/9
  3350 | D:4      | Found Apek's Armour Shoppe.
  3379 | D:4      | Bought a +2 pair of boots of stealth for 215 gold pieces
  3379 | D:4      | Bought a +0 helmet for 45 gold pieces
  3452 | D:4      | Noticed Sigmund
  3464 | D:4      | Killed Sigmund
  3762 | D:5      | Entered Level 5 of the Dungeon
  3841 | D:5      | Noticed Edmund
  3856 | D:5      | Reached skill level 5 in Invocations
  3856 | D:5      | Killed Edmund
  3857 | D:5      | Gained mutation: A weak demonic guardian rushes to your
                  | aid. [demonic ancestry]
  3857 | D:5      | Reached XP level 7. HP: 53/54 MP: 10/10
  3860 | D:5      | Reached skill level 5 in Axes
  3865 | D:5      | Noticed Ijyb
  3875 | D:5      | Killed Ijyb
  4059 | D:5      | Found a staircase to the Ecumenical Temple.
  4741 | D:6      | Noticed Pikel
  4748 | D:6      | Killed Pikel
  4749 | D:6      | Reached skill level 1 in Maces & Flails
  4749 | D:6      | Reached skill level 1 in Stealth
  4749 | D:6      | Reached skill level 6 in Invocations
  4749 | D:6      | Gained mutation: You have a tail ending in a sharp stinger.
                  | [demonic ancestry]
  4749 | D:6      | Reached XP level 8. HP: 56/61 MP: 12/12
  5351 | D:7      | Noticed Joseph
  5372 | D:7      | Killed Joseph
  5373 | D:7      | Reached skill level 5 in Fighting
  5373 | D:7      | Reached skill level 7 in Invocations
  5373 | D:7      | Gained mutation: You have a sharp stinger which inflicts
                  | weakening toxins. [demonic ancestry]
  5373 | D:7      | Reached XP level 9. HP: 64/68 MP: 14/14
  5443 | D:7      | Reached **** piety under Lugonu
  5496 | D:7      | Noticed a troll
  5519 | D:7      | Killed a troll
  5620 | D:7      | Noticed Prince Ribbit
  5641 | D:7      | Killed Prince Ribbit
  5805 | D:7      | Reached skill level 5 in Armour
  5984 | D:7      | Noticed Dowan
  5988 | D:7      | Noticed Duvessa
  5992 | D:7      | Killed Dowan
  5993 | D:7      | Reached skill level 8 in Invocations
  5993 | D:7      | Slain by Duvessa

Illustrated notes

Levels and vault maps discovered:
D:1:      elethiomel_arrival_quiet, layout_basic,
          chequers_ecumenical_altar_simple
D:2:      layout_basic, serial_shops, shop, hangedman_decor_points
D:3:      layout_basic, gup_sewer_entry_glass
D:4:      layout_loops_cross, serial_shops, shop_statue, st_stairs_11,
          uniq_sigmund
D:5:      layout_loops_cross, minmay_temple_entry_junction_2, uniq_edmund,
          uniq_ijyb
D:6:      layout_basic, uniq_pikel
D:7:      layout_gridville, uniq_joseph, uniq_prince_ribbit1,
          uniq_crazy_yiuf_cottage, uniq_duvessa

Skill      XL: |  1  2  3  4  5  6  7  8  9 |
---------------+----------------------------+-----
Axes           | 2 3 4 6 |  6.3
Armour         | 2 3 4 5 |  5.0
Dodging        | 1 2 3 |  3.0
Invocations    | 3 4 5 6 7 8 |  8.0
Fighting       | 4 5 |  5.3
Maces & Flails | 1 3 4 |  4.2
Stealth        | 1 |  1.8

Action                   |  1- 3 |  4- 6 |  7- 9 || total
-------------------------+-------+-------+-------++-------
Melee: Hand axe          |    98 |   118 |    18 ||   234
       Tailslap          |    14 |    10 |    14 ||    38
       Flail             |       |       |    95 ||    95
       Punch             |       |       |     2 ||     2
  Use: Scroll            |     6 |       |     7 ||    13
       Potion            |       |     2 |       ||     2
 Stab: Sleeping          |       |       |     1 ||     1
Armor: Leather armour    |    33 |    22 |       ||    55
       Scale mail        |       |    67 |    93 ||   160
Dodge: Dodged            |    58 |    82 |    54 ||   194
